 Dungeon Crawl Stone Soup version 0.23-a0-650-ga4d50d4 (webtiles) character file.

37 Borgoz the Skirmisher (level 3, -1/33 HPs)
             Began as a Hill Orc Fighter on Jan 5, 2019.
             Slain by a gnoll
             ... wielding a +0 spear
              (6 damage)
             ... on level 2 of the Dungeon.
             The game lasted 00:01:21 (958 turns).

Borgoz the Skirmisher (Hill Orc Fighter)             Turns: 958, Time: 00:01:21

Health: -1/33      AC:  7    Str: 18    XL:     3   Next: 39%
Magic:  3/3        EV:  7    Int:  8    God:
Gold:   80         SH:  9    Dex: 11    Spells: 2/2 levels left

rFire    . . .     SeeInvis .   a - +0 war axe
rCold    . . .     Gourm    .   c - +0 shield
rNeg     . . .     Faith    .   b - +0 scale mail
rPois    .         Spirit   .   (no helmet)
rElec    .         Reflect  .   (no cloak)
rCorr    .         Harm     .   (no gloves)
MR       .....                  (no boots)
Stlth    ..........             (no amulet)
HPRegen  0.11/turn              (no ring)
MPRegen  0.08/turn              (no ring)

@: no status effects
A: no striking features
a: no special abilities


You were on level 2 of the Dungeon.
You were not hungry.

You visited 1 branch of the dungeon, and saw 2 of its levels.

You collected 80 gold pieces.

Inventory:

Hand Weapons
 a - a +0 war axe (weapon)
Armour
 b - a +0 scale mail (worn)
 c - a +0 shield (worn)
Scrolls
 j - a scroll of teleportation {unknown}
Potions
 d - a potion of might
 e - a potion of flight {unknown}
 h - 2 potions of heal wounds {unknown}
 i - a potion of magic {unknown}
Comestibles
 f - 2 rations
 g - a chunk of flesh


   Skills:
 + Level 4.1 Fighting
 + Level 3.3 Axes
 + Level 3.7 Armour
 + Level 3.7 Shields


You had 2 spell levels left.
You didn't know any spells.
Your spell library was empty.

Dungeon Overview and Level Annotations

Branches:
Dungeon (2/15)

Altars:


Message History

You block the bat's attack. The gnoll closely misses you.
The gnoll hits you but does no damage.
You barely miss the gnoll.
The gnoll is heavily wounded.
You slash the gnoll! You closely miss the bat. The bat hits you.
You block the gnoll's attack. The gnoll barely misses you.
The gnoll hits you with a +0 spear!
* * * LOW HITPOINT WARNING * * *
You completely miss the gnoll.
The gnoll is heavily wounded.
You closely miss the gnoll. You miss the bat. The bat barely misses you.
The gnoll barely misses you. The bat hits you but does no damage.
The gnoll hits you with a +0 spear.
* * * LOW HITPOINT WARNING * * *
You block the gnoll's attack. You block the bat's attack.
Your shield and scale mail prevent you from hitting the gnoll.
The gnoll is heavily wounded.
You miss the bat. You closely miss the gnoll. The bat completely misses you.
The gnoll hits you with a +0 spear.
You die...

#....#.#
#......#
#......#
#......# ##
#....#.## ..#
######..#
...# #..#
....#
#b.#.....#
#.@).....#
#.gg...###
........#
..........#
#...........#
.........####
..######.# ..
..


You could see 2 gnolls and a bat.

Vanquished Creatures
  2 gnolls (D:2)
  A dart slug (D:2)
  2 leopard geckos
  A giant cockroach (D:2)
  A hobgoblin (D:1)
  4 bats
  A frilled lizard (D:1)
  2 goblins (D:2)
  A rat (D:1)
15 creatures vanquished.

Notes
Turn   | Place    | Note
-------+----------+-------------------------------------------
     0 | D:1      | Borgoz the Hill Orc Fighter began the quest for the Orb.
     0 | D:1      | Reached XP level 1. HP: 19/19 MP: 1/1
   389 | D:1      | Reached XP level 2. HP: 27/27 MP: 2/2
   953 | D:2      | Reached skill level 4 in Fighting
   953 | D:2      | Reached XP level 3. HP: 31/33 MP: 3/3
   958 | D:2      | Slain by a gnoll

Vault maps used:
D:1:      dpeg_arrival_simpleton_c, minivault_27

Skill      XL: |  1  2 |
---------------+-------+-----
Axes           | 3 |  3.3
Fighting       | 4 |  4.1
Armour         | |  3.7
Shields        | |  3.7

Action                   || total
-------------------------++-------
Melee: War axe           ||    55
  Use: Scroll            ||     1
Armor: Scale mail        ||    34
Dodge: Dodged            ||    21
Block: Shield            ||    43

Table legend:
 A = Non-vault XP
 B = Vault XP
 C = Vault XP percentage of total XP
 D = Non-vault monster count
 E = Vault monster count
 F = Vault count percentage of total count
                 A         B        C        D         E       F
            +---------+---------+-------+---------+---------+-------
      Total |      53 |       0 |   0.0 |      15 |       0 |   0.0
            +---------+---------+-------+---------+---------+-------
        D:1 |      11 |       0 |   0.0 |       7 |       0 |   0.0
        D:2 |      42 |       0 |   0.0 |       8 |       0 |   0.0
            +---------+---------+-------+---------+---------+-------
